 Dungeon Crawl Stone Soup version 0.29.1-15-g9cfb28693d (webtiles) character file.

Game seed: 16786087352899245605

213 croobank the Sneak (level 5, -4/42 HPs)
             Began as a Demonspawn Delver on Mar 10, 2023.
             Slain by a gnoll
             ... wielding a +0 whip
              (6 damage)
             ... on level 4 of the Dungeon.
             The game lasted 00:14:24 (4789 turns).

croobank the Sneak (Demonspawn Delver)              Turns: 4789, Time: 00:14:24

Health: -4/42      AC:  4    Str: 13    XL:     5   Next: 59%
Magic:  5/5        EV: 12    Int: 13    God:
Gold:   119        SH:  0    Dex: 14    Spells: 4/4 levels left

rFire   . . .      SeeInvis .   a - +0 hand axe
rCold   . . .      Faith    .   (no shield)
rNeg    . . .      Spirit   .   b - +0 leather armour
rPois   .          Reflect  .   (no helmet)
rElec   .          Harm     .   q - +0 cloak
rCorr   .          Rampage  .   (no gloves)
Will    .....                   (no boots)
Stlth   +++.......              (no amulet)
HPRegen 0.14/turn               (no ring)
MPRegen 0.09/turn               (no ring)

@: weak-willed
A: foul stench 1
a: no special abilities


You were on level 4 of the Dungeon.
You visited 1 branch of the dungeon, and saw 6 of its levels.

You collected 195 gold pieces.
You spent 76 gold pieces at shops.

Inventory:

Hand Weapons
 a - a +0 hand axe (weapon)
 d - a +0 quarterstaff
 r - a +0 short sword
 u - a +1 dagger of venom
Missiles
 v - 6 poisoned darts (quivered)
Armour
 b - a +0 leather armour (worn)
 q - a +0 cloak (worn)
Magical Staves
 f - a staff of air
Wands
 g - a wand of digging (3)
Scrolls
 c - a scroll of fog
 h - 3 scrolls of identify
 o - a scroll of magic mapping
Potions
 m - a potion of attraction


   Skills:
 + Level 4.1 Fighting
 + Level 3.0 Axes
 + Level 3.1 Dodging
 + Level 5.3 Stealth


You had 4 spell levels left.
You didn't know any spells.
Your spell library contained the following spells:

 Spells                   Type           Power      Damage    Failure   Level
 Sting                    Tmut/Pois      0%         1d3       36%         1
 Poisonous Vapours        Pois/Air       0%         N/A       52%         2
 Olgreb's Toxic Radiance  Pois           0%         N/A       98%         4


Dungeon Overview and Level Annotations

Branches:
Dungeon (6/15)
 Temple: D:4-7

Altars:

Shops:
D:1 ***


Innate Abilities, Weirdness & Mutations

You may rarely emit foul miasma when damaged in melee.


Message History

You hit the gnoll.
You kill the gnoll!
You catch the helpless gnoll completely off-guard!
You hit the gnoll.
The gnoll is moderately wounded.
You flicker back into view.
The gnoll barely misses you.
You hit the gnoll.
The gnoll is heavily wounded.
The gnoll barely misses you.
Cleave: a) +0 hand axe
Press: ? - help, Dir - move target, f - gnoll
Aim: a gnoll, wielding a +0 whip (heavily wounded, about 34% to evade your +0 hand axe)
Okay, then.
Cleave: a) +0 hand axe
Press: ? - help, Dir - move target, f - gnoll
Aim: a gnoll, wielding a +0 whip (heavily wounded, about 34% to evade your +0 hand axe)
Okay, then.
Throw: 7 darts (poison)
Press: ? - help, Q - select action Shift-Dir - straight line, f - gnoll
Aim: a gnoll, wielding a +0 whip (heavily wounded, 64% to hit)
You throw a poisoned dart. The poisoned dart hits the gnoll.
The gnoll is poisoned.
The gnoll is heavily wounded.
The gnoll hits you with a +0 whip!
* * * LOW HITPOINT WARNING * * *
The gnoll attacks as you move away! The gnoll closely misses you.
Okay, then.
As you read the scroll labelled TEG NIAGUBID, it crumbles to dust.
Magic quickly surges around you.
It was a scroll of vulnerability.
The gnoll closely misses you.
You hit the gnoll but do no damage.
The gnoll is severely wounded.
The gnoll looks more healthy.
The gnoll closely misses you. The gnoll hits you with a +0 whip.
* * * LOW HITPOINT WARNING * * *
You hit the gnoll.
The gnoll is almost dead.
The gnoll hits you with a +0 whip.
You die...

#...... ##g###. ##.#
## ### #..# #.. #)##
#.# #.# #.#.# #.#
#.#.# #g# #@#.# #.#
#g#[# #)# #<#.# #J#
#(#.# #.#
####.#.########.#####
#....#.....g.........
#.....###....##.####.
#..+### ###+.....#
#... #.##..#


You could see a gnoll (weak-willed).

Vanquished Creatures
  6 gnolls
  A river rat (D:3)
  8 adders
  6 worms
  A dart slug (D:1)
  7 endoplasms
  2 giant cockroaches
  A goblin (D:4)
  6 hobgoblins
  8 kobolds
  3 quokkas
  2 ball pythons (D:3)
  4 bats
  4 frilled lizards
  7 rats
66 creatures vanquished.

Vanquished Creatures (others)
  4 fungi (D:3)
  5 plants (D:3)
9 creatures vanquished.

Grand Total: 75 creatures vanquished

Notes
Turn   | Place    | Note
-------+----------+-------------------------------------------
     0 | D:5      | croobank the Demonspawn Delver began the quest for the Orb.
     0 | D:5      | Reached XP level 1. HP: 18/18 MP: 1/1
    14 | D:6      | Noticed an orc wizard
    47 | D:5      | Noticed a phantom
   100 | D:4      | Gained mutation: You may rarely emit foul miasma when
                  | damaged in melee. [demonic ancestry]
   100 | D:4      | Reached XP level 2. HP: 2/24 MP: 2/2
   444 | D:2      | Reached XP level 3. HP: 26/29 MP: 3/3
   797 | D:1      | Found Cicwase's General Store.
  1145 | D:1      | Found Xeor's General Store.
  1209 | D:1      | Found Xyrphyod's Assorted Antiques.
  1280 | D:1      | Bought a scroll of fear for 76 gold pieces
  1959 | D:2      | Reached XP level 4. HP: 24/36 MP: 4/4
  2365 | D:2      | Reached skill level 5 in Stealth
  3728 | D:3      | Reached XP level 5. HP: 18/42 MP: 5/5
  4334 | D:3      | Noticed an ogre
  4340 | D:3      | Found a faded altar of an unknown god.
  4784 | D:4      | HP: 2/42 [gnoll/+0 whip (8)]
  4789 | D:4      | Slain by a gnoll

Illustrated notes

Levels and vault maps discovered:
D:1:      spicycebolla_arrival_xxxplode, layout_rooms, serial_shops,
          shop_fountains, shop, nicolae_shop_waterfront
D:2:      layout_basic, grunt_ministairs_9, st_stairs_12
D:3:      layout_basic, lightli_sewer_entry_pipes,
          dreamdust_ecumenical_altar_grove
D:4:      layout_loops_ring, nicolae_ru_great_annihilating_truth, serial_shops,
          shop, enter_ossuary_1
D:5:      layout_basic, nicolae_gozag_cash_rules_everything_around_me,
          temple_fountains
D:6:      layout_cave_pools, vehumet_crystals, lemuel_coloured_pillars_altar,
          uniq_duvessa, uniq_grinder

Skill      XL: |  1  2  3  4  5 |
---------------+----------------+-----
Axes           | 2 3 |  3.0
Dodging        | 2 3 |  3.1
Stealth        | 5 |  5.3
Fighting       | 4 |  4.1

Action                   |  1- 3 |  4- 6 || total
-------------------------+-------+-------++-------
Melee: Hand axe          |   127 |   204 ||   331
       Punch             |     1 |     5 ||     6
Throw: Dart              |       |     2 ||     2
Evoke: Wand              |     7 |     4 ||    11
  Use: Scroll            |     2 |     6 ||     8
       Potion            |     1 |     5 ||     6
 Stab: Sleeping          |     8 |     4 ||    12
       Distracted        |     1 |       ||     1
       Invisible         |       |     3 ||     3
Armor: Leather armour    |    43 |    48 ||    91
Dodge: Dodged            |    79 |   128 ||   207
